 Dungeon Crawl Stone Soup version 0.29.0 (webtiles) character file.

Game seed: 11329691859662289841

18907 gelatine the Fighter (level 12, -17/95 HPs)
             Began as a Demonspawn Gladiator on Aug 24, 2022.
             Was an Elder of Qazlal.
             Killed from afar by a frost giant (26 damage)
             ... with a bolt of cold
             ... in an ice cave.
             The game lasted 00:45:23 (9605 turns).

gelatine the Fighter (Demonspawn Gladiator)         Turns: 9605, Time: 00:45:25

Health: -17/95     AC: 17    Str: 21    XL:     12   Next: 31%
Magic:  17/17      EV: 16    Int:  9    God:    Qazlal [****..]
Gold:   535        SH:  5    Dex: 14    Spells: 14/17 levels left

rFire   . . .      SeeInvis .   t - +3 battleaxe (freeze)
rCold   . . .      Faith    .   (shield currently unavailable)
rNeg    . . .      Spirit   .   v - +3 scale mail "Zaomajil" {Will+}
rPois   .          Reflect  .   c - +1 helmet
rElec   .          Harm     .   B - +2 cloak
rCorr   .          Rampage  .   (gloves unavailable)
Will    ++...                   X - +0 pair of boots
Stlth   +.........              q - amulet of regeneration
HPRegen 2.05/turn               k - +4 ring of evasion
MPRegen 0.15/turn               e - ring of willpower

@: mighty, about to teleport, repel missiles
A: demonic guardian 2, powered by death 3, demonic touch 3
a: Renounce Religion, Upheaval, Elemental Force


You were in an ice cave.
You worshipped Qazlal.
Qazlal was greatly pleased with you.
You visited 2 branches of the dungeon, and saw 12 of its levels.
You also visited: Ice Cave.

You collected 715 gold pieces.
You spent 180 gold pieces at shops.

Inventory:

Hand Weapons
 a - a +2 war axe of venom
 i - a +2 flail of draining
 m - a +2 vampiric whip
 t - a +3 battleaxe of freezing (weapon)
 C - a +2 quarterstaff of chaos
Missiles
 f - 15 poisoned darts
 y - 5 atropa-tipped darts
 M - a boomerang (quivered)
 N - a javelin
Armour
 c - a +1 helmet (worn)
 v - the +3 scale mail "Zaomajil" (worn) {Will+}
   (You found it on level 2 of the Dungeon)

   Will:      It increases your willpower.
 z - a +0 buckler
 B - a +2 cloak (worn)
 X - a +0 pair of boots (worn)
Magical Staves
 h - a staff of poison
 U - a staff of death
Jewellery
 e - a ring of willpower (right hand)
 j - a ring of resist corrosion
 k - a +4 ring of evasion (left hand)
 q - an amulet of regeneration (around neck)
 s - a ring of flight
Wands
 p - a wand of iceblast (8)
 K - a wand of flame (22)
 O - a wand of charming (13)
 V - a wand of polymorph (3)
Scrolls
 b - 2 scrolls of teleportation
 g - 3 scrolls of torment
 l - 2 scrolls of fog
 n - 3 scrolls of vulnerability
 u - a scroll of amnesia {unknown}
 x - a scroll of noise
 A - a scroll of enchant weapon {unknown}
 D - 3 scrolls of summoning {unknown}
 F - a scroll of blinking {unknown}
 H - 4 scrolls of immolation {unknown}
 J - a scroll of brand weapon
Potions
 o - 5 potions of magic
 r - 3 potions of mutation
 E - a potion of ambrosia
 G - 4 potions of curing
 I - a potion of lignification
 Q - 5 potions of invisibility
 T - a potion of brilliance
 Z - a potion of attraction
Miscellaneous
 W - a box of beasts (inert)


   Skills:
 * Level 9.1 Fighting
 + Level 8.8(9.5) Axes
 + Level 5.3(7.8) Maces & Flails
 + Level 4.9 Throwing
 + Level 6.5 Armour
 + Level 5.3 Dodging
 + Level 2.4 Stealth
 + Level 2.9 Shields
 + Level 3.2 Spellcasting
 + Level 4.8 Conjurations
 * Level 3.4 Fire Magic
 + Level 7.3 Invocations
 + Level 3.9 Evocations


You had 14 spell levels left.
You knew the following spells:

 Your Spells              Type           Power      Damage    Failure   Level
a - Static Discharge      Conj/Air       5%         3-4/arc   38%         2
b - Foxfire               Conj/Fire      32%        2x1d5     13%         1

Your spell library contained the following spells:

 Spells                   Type           Power      Damage    Failure   Level
 Conjure Flame            Conj/Fire      8%         6-21      36%         3
 Inner Flame              Hex/Fire       4%         N/A       71%         3
 Ensorcelled Hibernation  Hex/Ice        2%         N/A       73%         2
 Passwall                 Tmut/Erth      0%         N/A       73%         2
 Flame Wave               Conj/Fire      8%         2d5       78%         4
 Sticky Flame             Conj/Fire      8%         2d3       78%         4
 Call Canine Familiar     Summ           1%         N/A       91%         3
 Portal Projectile        Hex/Tloc       2%         N/A       91%         3
 Spider Form              Tmut/Pois      1%         N/A       91%         3
 Swiftness                Air            1%         N/A       91%         3
 Tukima's Dance           Hex            1%         N/A       91%         3
 Anguish                  Hex/Necr       0%         N/A       100%        4
 Dispel Undead            Necr           1%         3d6       100%        4
 Leda's Liquefaction      Hex/Erth       0%         N/A       100%        4
 Passage of Golubria      Tloc           1%         N/A       100%        4
 Yara's Violent Unravell  Hex/Tmut       0%         3d3       100%        5


Dungeon Overview and Level Annotations

Branches:
Dungeon (11/15)            Temple (1/1) D:5            Lair (0/5) D:11
    Orc (0/2) D:11          IceCv (1/1)

Altars:
Ashenzari
Cheibriados
Dithmenos
Fedhas
Gozag
Hepliaklqana
Kikubaaqudgha
Makhleb
Nemelex Xobeh
Okawaru
Qazlal
Ru
Sif Muna
Trog
Uskayaw
Vehumet
Wu Jian
Xom
Yredelemnul

Shops:
D:4 !   D:6 (   D:9 ?   D:11 [

Annotations:
D:10 4 runed translucent doors


Innate Abilities, Weirdness & Mutations

A demonic guardian rushes to your aid.
You regenerate a lot of health from kills.
Your touch may irresistibly damage your foes and sap their willpower.


Message History

You slash the polar bear! You freeze the polar bear.
You kill the polar bear!
Qazlal accepts your kill.
Aiming: Charm
Press: ? - help, Q - select action, (/) - cycle Shift-Dir - straight line, f - frost giant
Aim: a frost giant, wielding a +0 battleaxe of freezing (moderately wounded, chance to affect: 13%)
Okay, then.
You feel very mighty all of a sudden.
You feel much better. You block the frost giant's attack.
You completely miss the frost giant.
The frost giant is moderately wounded.
The frost giant points at you and mumbles some strange words.
The bolt of cold is repelled.
Unknown command.
You hit the frost giant.
The frost giant is moderately wounded.
The frost giant hits you with a +0 battleaxe of freezing!!
The frost giant freezes you.
Unknown command.
You slash the frost giant! You freeze the frost giant.
The frost giant is heavily wounded.
The frost giant hits you with a +0 battleaxe of freezing!!
The frost giant freezes you.
The frost giant hits you with a +0 battleaxe of freezing!
The frost giant freezes you.
* * * LOW HITPOINT WARNING * * *
As you read the scroll of teleportation, it crumbles to dust.
You feel strangely unstable.
The frost giant hits you with a +0 battleaxe of freezing!
* * * LOW HITPOINT WARNING * * *
The frost giant freezes you.
* * * LOW HITPOINT WARNING * * *
The frost giant attacks as you move away!
The frost giant hits you with a +0 battleaxe of freezing.
* * * LOW HITPOINT WARNING * * *
The frost giant freezes you.
* * * LOW HITPOINT WARNING * * *
The frost giant gestures at you while chanting.
The bolt of cold hits you!!
You die...

###..#
#..# #
#.##
#4†# #
###
##.#
##
#..#
.#
#..#
.#
##.##
##
#..# #
##..#
#.@##
#..#
#C##
#h.##
##Ch#
#..#
##.#
.. #.#


You could see a frost giant and a wolf.

Vanquished Creatures
  A centaur warrior (D:10)
  A two-headed ogre (D:10)
  8 death yaks
  Pikel (D:9)
  A manticore (D:8)
  An ice statue (IceCv)
  6 rime drakes (IceCv)
  A tengu conjurer (D:8)
  4 polar bears (IceCv)
  2 trolls (D:10)
  A hornet (D:9)
  17 yaks
  A vampire (D:10)
  2 wraiths (D:10)
  2 wyverns (D:9)
  A steam dragon (D:8)
  A vampire mosquito (D:8)
  An acid dragon (D:10)
  3 black bears
  5 orc warriors
  A sky beast (D:8)
  2 ice beasts
  2 wolves (IceCv)
  A centaur (D:10)
  A phantom (D:5)
  3 kobold brigands
  2 bullfrogs
  3 scorpions
  5 necrophages
  12 wights
  7 killer bees
  2 howler monkeys (D:8)
  2 electric eels (D:8)
  3 jellies
  5 hounds
  8 orc priests
  Crazy Yiuf (D:3)
  A hell rat (D:11)
  3 iguanas
  10 orc wizards
  2 scorpion zombies (D:4)
  A hound zombie (D:4)
  5 gnolls
  2 adders (D:3)
  3 river rats (D:11)
  15 white imps
  An adder zombie (D:4)
  A worm (D:10)
  2 dart slugs
  50 orcs
  4 bats
  7 endoplasms
  3 giant cockroaches
  10 goblins
  4 hobgoblins
  22 kobolds
  2 quokkas (D:11)
  6 ball pythons
  2 frilled lizards (D:3)
  9 rats
  A bush (D:4)
  A foxfire (IceCv)
287 creatures vanquished.

Vanquished Creatures (collateral kills)
  An unseen horror (D:11)
  A troll (D:7)
  A yak (IceCv)
  A wolf (IceCv)
  A centaur (D:7)
  A bullfrog (D:8)
  An orc wizard (D:9)
  An adder (D:6)
  A gnoll (D:8)
  2 orcs
11 creatures vanquished.

Vanquished Creatures (others)
  A yak (IceCv)
  An orc wizard (D:9)
  27 foxfires
  11 plants (D:4)
40 creatures vanquished.

Grand Total: 338 creatures vanquished

Notes
Turn   | Place    | Note
-------+----------+-------------------------------------------
     0 | D:1      | gelatine the Demonspawn Gladiator began the quest for the
                  | Orb.
     0 | D:1      | Reached XP level 1. HP: 16/16 MP: 1/1
   225 | D:1      | Gained mutation: Your touch may inflict minor irresistible
                  | damage on your foes. [demonic ancestry]
   225 | D:1      | Reached XP level 2. HP: 9/22 MP: 2/2
  1146 | D:2      | Found a faded altar of an unknown god.
  1209 | D:2      | Gained mutation: Your touch may inflict irresistible damage
                  | on your foes. [demonic ancestry]
  1209 | D:2      | Reached XP level 3. HP: 27/27 MP: 3/3
  1336 | D:2      | Identified the +3 scale mail "Zaomajil" {Will+}
  1387 | D:2      | Found an ancient bone altar of Kikubaaqudgha.
  1546 | D:3      | Reached skill level 1 in Maces & Flails
  1656 | D:3      | Reached skill level 1 in Armour
  1656 | D:3      | Reached XP level 4. HP: 33/34 MP: 4/4
  1745 | D:3      | Identified the +0 chain mail of Negligence {Str+4}
  2025 | D:3      | Found a runed translucent door.
  2026 | D:3      | Noticed Crazy Yiuf
  2206 | D:3      | Reached XP level 5. HP: 40/40 MP: 5/5
  2307 | D:3      | Learned a level 2 spell: Static Discharge
  2453 | D:3      | Killed Crazy Yiuf
  2616 | D:4      | Noticed an ice beast
  2624 | D:4      | Reached skill level 3 in Fighting
  2628 | D:4      | Killed an ice beast
  2629 | D:4      | Gained mutation: A weak demonic guardian rushes to your
                  | aid. [demonic ancestry]
  2629 | D:4      | Reached XP level 6. HP: 30/47 MP: 6/6
  2689 | D:4      | You fall into a shaft and drop 3 floors!
  2818 | D:6      | Reached skill level 4 in Fighting
  2833 | D:6      | Found a sacrificial altar of Ru.
  2864 | D:5      | Entered Level 5 of the Dungeon
  2876 | D:5      | Gained mutation: Your touch may irresistibly damage your
                  | foes and sap their willpower. [demonic ancestry]
  2876 | D:5      | Reached XP level 7. HP: 54/54 MP: 7/7
  3017 | D:4      | Found Eruhirok's Distillery.
  3022 | D:4      | Bought 2 potions of heal wounds for 120 gold pieces
  3022 | D:4      | Bought a potion of heal wounds for 60 gold pieces
  3050 | D:4      | Learned a level 1 spell: Foxfire
  3193 | D:4      | Found a blossoming altar of Fedhas.
  3640 | D:4      | Reached skill level 1 in Conjurations
  3650 | D:4      | Reached skill level 1 in Evocations
  3657 | D:4      | Reached skill level 1 in Stealth
  3657 | D:4      | Reached skill level 1 in Spellcasting
  3858 | D:5      | Gained mutation: A demonic guardian rushes to your aid.
                  | [demonic ancestry]
  3858 | D:5      | Reached XP level 8. HP: 61/61 MP: 10/10
  3920 | D:5      | Reached skill level 5 in Maces & Flails
  3927 | D:5      | Found a shimmering altar of Xom.
  3927 | D:5      | Found a shimmering altar of Xom.
  3938 | D:5      | Found a shimmering altar of Xom.
  3938 | D:5      | Found a shimmering altar of Xom.
  4103 | D:5      | Found a staircase to the Ecumenical Temple.
  4113 | Temple   | Entered the Ecumenical Temple
  4190 | Temple   | Became a worshipper of Qazlal Stormbringer
  4242 | D:5      | Found a sparkling altar of Nemelex Xobeh.
  4422 | D:6      | Found Pimaovun's Weapon Emporium.
  4779 | D:6      | Reached skill level 5 in Fighting
  5007 | D:7      | Reached * piety under Qazlal
  5157 | D:7      | Noticed a troll
  5170 | D:7      | Killed a troll
  5171 | D:7      | Reached XP level 9. HP: 52/68 MP: 12/12
  5445 | D:7      | Reached skill level 1 in Shields
  5672 | D:8      | HP: 2/58 [wight/+3 battleaxe of freezing (3)]
  5880 | D:8      | Noticed a manticore
  5981 | D:8      | Reached skill level 1 in Invocations
  6048 | D:8      | Found a broken altar of Ashenzari.
  6061 | D:8      | Found a shadowy altar of Dithmenos.
  6075 | D:8      | Found an ancient bone altar of Kikubaaqudgha.
  6229 | D:8      | Noticed a tengu conjurer
  6290 | D:8      | Killed a tengu conjurer
  6434 | D:8      | Killed a manticore
  6615 | D:8      | Noticed a two-headed ogre
  6669 | D:8      | Reached ** piety under Qazlal
  6703 | D:8      | Gained mutation: You regenerate a little health from kills.
                  | [demonic ancestry]
  6703 | D:8      | Reached XP level 10. HP: 76/76 MP: 14/14
  6758 | D:8      | Found a shimmering altar of Xom.
  6776 | D:8      | Reached skill level 6 in Fighting
  7172 | D:9      | Found Hituc's Magic Scroll Boutique.
  7303 | D:9      | Noticed Pikel
  7314 | D:9      | Killed Pikel
  7489 | D:9      | Reached skill level 7 in Fighting
  7559 | D:9      | Reached skill level 5 in Invocations
  7947 | D:9      | Reached skill level 5 in Axes
  8028 | D:10     | Entered Level 10 of the Dungeon
  8252 | D:10     | Found a radiant altar of Vehumet.
  8389 | D:10     | Identified the +0 cloak "Wixtiq" {*Slow +Blink Str+4
                  | Slay+2}
  8472 | D:10     | Found a large runed translucent door.
  8472 | D:10     | Noticed a cyan ugly thing
  8473 | D:10     | Found a large runed translucent door.
  8473 | D:10     | Noticed an orc knight
  8481 | D:10     | Noticed a two-headed ogre
  8485 | D:10     | Killed a two-headed ogre
  8486 | D:10     | Reached skill level 5 in Armour
  8508 | D:10     | Noticed a centaur warrior
  8514 | D:10     | Killed a centaur warrior
  8515 | D:10     | Reached skill level 5 in Dodging
  8515 | D:10     | Gained mutation: You regenerate health from kills. [demonic
                  | ancestry]
  8515 | D:10     | Reached XP level 11. HP: 36/85 MP: 15/15
  8587 | D:10     | Found a large runed translucent door.
  8587 | D:10     | Found a large runed translucent door.
  8768 | D:10     | Found a snail-covered altar of Cheibriados.
  8896 | D:10     | Reached *** piety under Qazlal
  8991 | D:11     | Found Netuehi's Antique Armour Shop.
  9010 | D:11     | Noticed a death yak
  9011 | D:11     | Found a staircase to the Lair.
  9011 | D:11     | Noticed a death yak
  9013 | D:11     | Noticed a death yak
  9039 | D:11     | Killed a death yak
  9040 | D:11     | Reached skill level 8 in Fighting
  9055 | D:11     | Killed a death yak
  9056 | D:11     | Killed a death yak
  9203 | D:11     | Found a staircase to the Orcish Mines.
  9258 | D:11     | Reached **** piety under Qazlal
  9267 | D:11     | Found a frozen archway.
  9276 | IceCv    | Entered an ice cave
  9312 | IceCv    | Reached skill level 1 in Fire Magic
  9344 | IceCv    | Noticed a death yak
  9344 | IceCv    | Noticed a death yak
  9376 | IceCv    | Killed a death yak
  9455 | IceCv    | Noticed a death yak
  9463 | IceCv    | Killed a death yak
  9464 | IceCv    | Gained mutation: You regenerate a lot of health from kills.
                  | [demonic ancestry]
  9464 | IceCv    | Reached XP level 12. HP: 70/94 MP: 9/17
  9526 | IceCv    | Noticed a death yak
  9534 | IceCv    | Killed a death yak
  9557 | IceCv    | Noticed a death yak
  9557 | IceCv    | Noticed a death yak
  9565 | IceCv    | Killed a death yak
  9566 | IceCv    | Reached skill level 9 in Fighting
  9568 | IceCv    | Killed a death yak
  9589 | IceCv    | Noticed a frost giant
  9605 | IceCv    | Killed from afar by a frost giant

Illustrated notes

Levels and vault maps discovered:
D:1:      tarquinn_simple_flora_water_d, layout_basic
D:2:      layout_rooms, basic_altar, chequers_ecumenical_altar_grove
D:3:      layout_loops_ring, mainiacjoe_overflow_cross_hatched,
          minmay_splitting_lines, grunt_decor_junction, serial_park_tiny_2,
          minmay_bisected, uniq_crazy_yiuf_cottage
D:4:      wander_river, layout_basic, fedhas_altar_decomposition, serial_shops,
          shop, hangedman_abyss_or_decor_stagger
D:5:      layout_rooms, nemelex_altar_shiori, xom_redecorated,
          minmay_temple_entry_proselytizer
D:6:      lemuel_ice_spiral_2, layout_basic, nicolae_overflow_crystal_walls,
          serial_shops, nicolae_shop_bloodbath_and_beyond
D:7:      layout_basic, corexii_corridor_pit
D:8:      layout_basic, nicolae_kikubaaqudgha_miasma_corner,
          mainiacjoe_overflow_concentric_impassable,
          nicolae_dithmenos_shadow_blocks, hangedman_feature_mirror,
          kennysheep_island_fort
D:9:      layout_loops_ring, serial_shops, shop_coins, corner_web_ring,
          uniq_pikel
D:10:     layout_loops_cross, slow_altar_2, kennysheep_little_box,
          minmay_hollow_rounded_squares
D:11:     layout_roguey, dpeg_lair_monsters, david_orc_5,
          portal_ice_cave_entry_imps, serial_shops,
          nicolae_shop_temple_entry_statues_fountains
Temple:   nicolae_temple_ecumenical_triangle
IceCv:    ice_cave_small_giant

Skill      XL: |  1  2  3  4  5  6  7  8  9 10 11 12 |
---------------+-------------------------------------+-----
Dodging        | 3 4 5 |  5.3
Maces & Flails | 1 2 3 4 5 |  5.3
Armour         | 1 2 3 5 6 |  6.5
Fighting       | 3 4 5 7 8 9 |  9.1
Throwing       | 2 3 4 |  4.9
Conjurations   | 1 3 4 |  4.8
Evocations     | 1 3 |  3.9
Stealth        | 1 2 |  2.4
Spellcasting   | 1 2 3 |  3.2
Axes           | 3 4 5 7 8 |  8.8
Shields        | 1 2 |  2.9
Invocations    | 3 6 7 |  7.3
Fire Magic     | 2 3 |  3.4

Action                   |  1- 3 |  4- 6 |  7- 9 | 10-12 || total
-------------------------+-------+-------+-------+-------++-------
Melee: Flail             |    33 |       |       |       ||    33
       War axe           |     5 |       |       |       ||     5
       Whip              |    30 |   119 |   110 |    98 ||   357
       Touch             |     7 |    26 |    27 |    19 ||    79
       Punch             |     2 |     1 |     1 |     2 ||     6
       Hand axe          |       |       |   214 |       ||   214
       Battleaxe         |       |       |    45 |   403 ||   448
Throw: Throwing net      |       |     5 |     6 |       ||    11
       Dart              |       |     1 |    91 |       ||    92
       Javelin           |       |     1 |     2 |       ||     3
       Boomerang         |       |       |    38 |    49 ||    87
 Cast: Foxfire           |       |       |     5 |    12 ||    17
Invok: Upheaval          |       |       |       |     1 ||     1
Evoke: Wand              |       |       |     4 |       ||     4
       Box of beasts     |       |       |       |     1 ||     1
  Use: Scroll            |       |       |    16 |     9 ||    25
       Potion            |       |       |     6 |     3 ||     9
 Stab: Held in net/web   |       |     1 |       |       ||     1
       Distracted        |       |       |       |     2 ||     2
Armor: Ring mail         |    26 |       |       |       ||    26
       Leather armour    |     7 |       |       |       ||     7
       Scale mail        |     9 |    54 |   249 |   293 ||   605
Dodge: Dodged            |    44 |    49 |   214 |   379 ||   686
       Repelled          |       |       |       |     9 ||     9
Block: Kite shield       |       |       |   134 |       ||   134
       Other             |       |       |     5 |   101 ||   106
